Map: Dead of Night

Players

Ratl

  • Race: Protoss Protoss
  • League: Silver
  • Spawn Location: 0:00

sammus

  • Race: Terran Terran

VOD

Have the link to the VOD?

Description

Time

  • Played on: Jan. 12, 2020, 7:59 p.m.
  • Length: 9:38
Show
View Real Time Build Order
Export as new Build Order

Ratl Protoss 

Build Orders:  

Get SALT Encoding   

  12  0:02  Probe (Chrono Boost)  
  13  0:21  Probe (Chrono Boost)  
  14  0:30  Pylon  
  14  0:35  Probe (Chrono Boost)  
  15  0:55  Probe (Chrono Boost)  
  16  1:02  Assimilator  
  16  1:09  Probe (Chrono Boost)  
  17  1:14  Gateway  
  17  1:23  Probe (Chrono Boost)  
  18  1:36  Probe (Chrono Boost)  
  19  1:42  Gateway  
  19  1:50  Probe (Chrono Boost)  
  20  2:04  Assimilator, Probe (Chrono Boost)  
  21  2:12  Assimilator  
  21  2:18  Probe (Chrono Boost)  
  22  2:21  Cybernetics Core  
  22  2:33  Probe (Chrono Boost)  
  23  3:06  Pylon  
  23  3:14  Pylon  
  23  3:30  Probe (Chrono Boost)  
  23  3:34  Dragoon  
  23  3:35  Dragoon  
  23  3:36  Zealot  
  23  3:39  Zealot x2  
  34  3:44  Probe (Chrono Boost)  
  35  3:56  Dragoon  
  37  4:15  Dragoon  
  39  4:47  Pylon  
  39  4:52  Pylon  
  39  4:53  Probe (Chrono Boost)  
  39  4:56  Pylon  
  38  5:07  Probe (Chrono Boost)  
  39  5:14  Zealot x3  
  45  5:21  Probe (Chrono Boost)  
  46  5:33  Dragoon  
  46  5:34  Dragoon  
  46  5:35  Probe (Chrono Boost)  
  51  5:49  Probe (Chrono Boost)  
  50  5:51  Dragoon  
  52  6:02  Probe (Chrono Boost)  
  51  6:16  Probe (Chrono Boost)  
  46  6:25  Twilight Council  
  46  6:30  Probe (Chrono Boost)  
  46  6:32  Gateway  
  41  6:44  Probe (Chrono Boost)  
  41  6:48  Dragoon x2  
  46  6:58  Probe (Chrono Boost)  
  47  7:03  Dragoon  
  47  7:57  Probe (Chrono Boost)  
  48  8:11  Probe (Chrono Boost)  
  49  8:24  Templar Archives  
  49  8:25  Probe (Chrono Boost)  
  50  8:38  Probe (Chrono Boost)  
  51  8:51  Nexus  
  51  8:52  Probe (Chrono Boost)  
  52  9:06  Probe (Chrono Boost)  
  54  9:31  Assimilator  
  54  9:37  Assimilator  
Show
View Real Time Build Order
Export as new Build Order

sammus Terran 

Build Orders:  

Get SALT Encoding   

  12  0:21  Refinery  
  12  0:32  Refinery  
  12  0:54  Refinery  
  12  0:57  SCV  
  13  1:30  SCV  
  13  1:38  SCV  
Tags
 
Commander
ArtanisMengsk
League
Silver
Matchup
Co-op
Add a new tag
Caveats
  • Supply blocks, unpowered buildings, or Contaminate may cause inaccurate times.
  • Supply counts are checked every 10 seconds.